 Dungeon Crawl Stone Soup version 0.26.0-16-gc1dbca0489 (webtiles) character file.

Game seed: 13224494016863765428

340 littlecub the Slasher (level 6, -2/48 HPs)
             Began as a Demonspawn Gladiator on Jan 21, 2021.
             Slain by an ogre
             ... wielding a +0 giant spiked club
              (20 damage)
             ... on level 4 of the Dungeon.
             The game lasted 00:04:52 (2825 turns).

littlecub the Slasher (Demonspawn Gladiator)        Turns: 2825, Time: 00:04:52

Health: -2/48      AC: 11    Str: 16    XL:     6   Next: 30%
Magic:  6/6        EV:  5    Int:  9    God:
Gold:   184        SH:  4    Dex: 15    Spells: 5/5 levels left

rFire    . . .     SeeInvis .   a - +0 long sword
rCold    + . .     Faith    .   v - +0 buckler
rNeg     . . .     Spirit   .   e - +0 plate armour
rPois    .         Reflect  .   c - +0 helmet
rElec    .         Harm     .   (no cloak)
rCorr    .         Rampage  .   (no gloves)
Will     .....                  (no boots)
Stlth    ..........             q - amulet of regeneration
HPRegen  0.56/turn              j - ring of protection from cold
MPRegen  0.10/turn              (no ring)

@: mighty
A: hooves 2, powered by pain 1, spiny 1
a: no special abilities


You were on level 4 of the Dungeon.
You visited 1 branch of the dungeon, and saw 4 of its levels.

You collected 184 gold pieces.

Inventory:

Hand Weapons
 a - a +0 long sword (weapon)
Missiles
 d - 3 throwing nets (quivered)
Armour
 c - a +0 helmet (worn)
 e - a +0 plate armour (worn)
 f - a +0 kite shield
 v - a +0 buckler (worn)
Jewellery
 j - a ring of protection from cold (left hand)
 q - an amulet of regeneration (around neck)
Scrolls
 b - a scroll of immolation
 g - 2 scrolls of remove curse
 h - a scroll of magic mapping {unknown}
 i - a scroll of identify
 k - 3 scrolls of blinking
 n - a scroll of fear {unknown}
 r - a scroll of teleportation {unknown}
 s - a scroll of enchant weapon
 t - a scroll of amnesia
Potions
 l - 2 potions of mutation {unknown}
 m - a potion of degeneration {unknown}
 o - a potion of heal wounds {unknown}
 p - a potion of lignification {unknown}


   Skills:
 * Level 4.1 Fighting
 * Level 4.2 Long Blades
 - Level 1.7 Throwing
 + Level 2.0 Armour
 + Level 3.5 Dodging
 + Level 1.0 Shields


You had 5 spell levels left.
You didn't know any spells.
Your spell library contained the following spells:

 Spells                   Type           Power        Failure   Level
 Magic Dart               Conj           0%           100%        1
 Blink                    Tloc           N/A          100%        2
 Call Imp                 Summ           0%           100%        2
 Slow                     Hex            0%           100%        2
 Conjure Flame            Conj/Fire      0%           100%        3
 Mephitic Cloud           Conj/Pois/Air  0%           100%        3


Dungeon Overview and Level Annotations

Branches:
Dungeon (4/15)
 Temple: D:4-7

Altars:
Dithmenos
Fedhas
Makhleb
Ru
Zin


Innate Abilities, Weirdness & Mutations

You have hoof-like feet.
You sometimes gain a little power by taking damage.
You are partially covered in sharp spines.


Message History

The jackal bites you but does no damage.
The ogre hits you with a +0 giant spiked club.
You closely miss the jackal. You kick the jackal.
You kill the jackal!
You hit the ogre.
The ogre is heavily wounded.
The ogre hits you with a +0 giant spiked club!!
Ouch! That really hurt!
You focus on the pain.
You feel very mighty all of a sudden.
You are too injured to fight recklessly!
You are too injured to fight recklessly!
You are too injured to fight recklessly!
You are too injured to fight recklessly!
You are too injured to fight recklessly!
You are too injured to fight recklessly!
You hit the ogre. You kick the ogre!
The ogre is almost dead.
The ogre hits you with a +0 giant spiked club!!
You die...

#.#..#.#..#
#.#...#...#
#.####(#### #.#
#.#.# #.####.## #
#.#.#...#.#
#[#.......#
#.#.......#
#.#.@.....#
###.#O†.....#
#...#.?.....#
##...#.B.....#
##....#.......# #
#.....#...⌠...# #.
##.#...#.......#
#..#..##.##.......#
#........#


You could see an ogre and a worker ant.

Vanquished Creatures
  A howler monkey (D:4)
  A bullfrog skeleton (D:4)
  A hound (D:4)
  2 orc wizards (D:3)
  2 worker ants (D:4)
  4 adders
  2 oozes
  2 worms (D:2)
  2 leopard geckos
  12 orcs
  6 giant cockroaches
  6 hobgoblins
  7 jackals
  A quokka (D:2)
  8 bats
  3 goblins
  8 kobolds
  2 leopard gecko skeletons (D:4)
  9 rats
79 creatures vanquished.

Notes
Turn   | Place    | Note
-------+----------+-------------------------------------------
     0 | D:1      | littlecub the Demonspawn Gladiator began the quest for the
                  | Orb.
     0 | D:1      | Reached XP level 1. HP: 16/16 MP: 1/1
   254 | D:1      | Gained mutation: You are partially covered in sharp spines.
                  | [demonic ancestry]
   254 | D:1      | Reached XP level 2. HP: 20/22 MP: 2/2
   911 | D:1      | Gained mutation: You sometimes gain a little power by
                  | taking damage. [demonic ancestry]
   911 | D:1      | Reached XP level 3. HP: 28/28 MP: 3/3
  1479 | D:2      | Found a burning altar of Makhleb.
  1485 | D:2      | Found a glowing silver altar of Zin.
  1485 | D:2      | Noticed an angel
  1486 | D:2      | Noticed a blizzard demon
  1627 | D:2      | Reached skill level 1 in Armour
  1671 | D:2      | Gained mutation: You have large cloven feet. [demonic
                  | ancestry]
  1671 | D:2      | Reached XP level 4. HP: 34/34 MP: 4/4
  1963 | D:3      | Found a shadowy altar of Dithmenos.
  2010 | D:3      | Found a blossoming altar of Fedhas.
  2317 | D:3      | Found a sacrificial altar of Ru.
  2378 | D:3      | Gained mutation: You have hoof-like feet. [demonic
                  | ancestry]
  2378 | D:3      | Reached XP level 5. HP: 31/41 MP: 5/5
  2677 | D:4      | Reached XP level 6. HP: 41/48 MP: 6/6
  2815 | D:4      | Reached skill level 1 in Shields
  2825 | D:4      | Slain by an ogre

Illustrated notes

Levels and vault maps discovered:
D:1:      amcnicky_arrival_blooded_trapdoor, layout_loops_cross
D:2:      layout_loops_ring, grunt_temple_overflow_order_and_chaos_2
D:3:      layout_basic, grunt_dithmenos_smoke_and_mirrors,
          nicolae_overflow_crystal_walls, serial_aquarium,
          aquarium_bridge_square [aquarium_subvault_bridge,
          aquarium_subvault_window, aquarium_subvault_balcony,
          aquarium_subvault_balcony], aquarium_bridge_square
          [aquarium_subvault_bridge, aquarium_subvault_wall,
          aquarium_subvault_wall, aquarium_subvault_bridge],
          aquarium_window_fake, aquarium_window_fake, aquarium_view_2f,
          fedhas_altar_2
D:4:      layout_rooms, kennysheep_mini, wad_rectangle_vault

Skill      XL: |  1  2  3  4  5  6 |
---------------+-------------------+-----
Long Blades    | 3 4 |  4.2
Dodging        | 3 |  3.5
Armour         | 1 2 |  2.0
Fighting       | 3 4 |  4.1
Shields        | 1 |  1.0
Throwing       | |  1.7

Action                   |  1- 3 |  4- 6 || total
-------------------------+-------+-------++-------
Melee: Long sword        |    92 |   102 ||   194
       Kick              |       |    32 ||    32
  Use: Scroll            |       |     6 ||     6
Armor: Leather armour    |    21 |       ||    21
       Plate armour      |    67 |    81 ||   148
Dodge: Dodged            |    46 |    21 ||    67
Block: Kite shield       |    27 |    35 ||    62
       Buckler           |       |     7 ||     7
       Rpst.: Long sword |    17 |     6 ||    23
